 Dungeon Crawl Stone Soup version 0.26-a0-1026-g544776af23 (webtiles) character file.

Game seed: 6963602567823031984

116 wythoutpain the Poker (level 5, 0/39 HPs)
             Began as a Merfolk Gladiator on Dec 9, 2020.
             Succumbed to an orc wizard's poison
             ... on level 3 of the Dungeon on Dec 10, 2020.
             The game lasted 01:18:54 (2446 turns).

wythoutpain the Poker (Merfolk Gladiator)           Turns: 2446, Time: 01:18:55

Health: 0/39       AC:  8    Str: 16    XL:     5   Next: 1%
Magic:  5/5        EV: 13    Int:  7    God:
Gold:   130        SH:  0    Dex: 15    Spells: 4/4 levels left

rFire    . . .     SeeInvis .   a - +0 trident
rCold    + . .     Faith    .   (no shield)
rNeg     . . .     Spirit   .   r - +0 ring mail
rPois    .         Reflect  .   B - +0 helmet
rElec    .         Harm     .   (no cloak)
rCorr    .         Rampage  .   q - +0 pair of gloves
Will     .....                  z - +0 pair of boots
Stlth    +.........             (no amulet)
HPRegen  0.13/turn              o - ring of protection from cold
MPRegen  0.09/turn              (no ring)

@: lethally poisoned (0 -> -14)
A: change form in water, swift swim, stealthy swim
a: no special abilities


You were on level 3 of the Dungeon.
You visited 1 branch of the dungeon, and saw 3 of its levels.

You collected 130 gold pieces.

Inventory:

Hand Weapons
 a - a +0 trident (weapon)
 m - a +1 falchion of electrocution
Missiles
 d - 3 throwing nets
 e - 47 stones (quivered)
 n - 20 bolts
 u - 5 poisoned darts
Armour
 q - a +0 pair of gloves (worn)
 r - a +0 ring mail (worn)
 z - a +0 pair of boots (worn)
 B - a +0 helmet (worn)
Jewellery
 o - a ring of protection from cold (left hand)
Scrolls
 b - 2 scrolls of remove curse
 c - a scroll of enchant armour {unknown}
 f - a scroll of enchant weapon {unknown}
 h - a scroll of blinking {unknown}
 l - a scroll of random uselessness {unknown}
Potions
 g - 2 potions of haste {unknown}
 j - a potion of invisibility {unknown}
 k - a potion of berserk rage {unknown}
 v - 2 potions of mutation {unknown}
 w - a potion of cancellation {unknown}
 x - a potion of heal wounds {unknown}


   Skills:
 * Level 2.7 Fighting
 + Level 5.6 Polearms
 + Level 2.8 Throwing
 - Level 0.1 Armour
 + Level 5.0 Dodging
 * Level 1.4 Stealth


You had 4 spell levels left.
You didn't know any spells.
Your spell library was empty.

Dungeon Overview and Level Annotations

Branches:
Dungeon (3/15)

Altars:


Message History

* * * LOW HITPOINT WARNING * * *
You feel sick.
You closely miss the orc wizard.
The orc wizard is heavily wounded.
* * * LOW HITPOINT WARNING * * *
You feel sick.
The orc wizard hits you but does no damage.
You are more poisoned.
You feel less confused.
* * * LOW HITPOINT WARNING * * *
You feel sick.
You hit the orc wizard but do no damage.
The orc wizard is heavily wounded.
* * * LOW HITPOINT WARNING * * *
You feel sick.
The orc wizard casts a spell.
The orc wizard flickers and vanishes!
Deactivating autopickup; reactivate with Ctrl-A.
You barely miss something.
You die...

... #.##.........## ...
#.#####.......# ...#
#.# #.......# ...# #.#
#.......### ....
#.......'.# ##.#######
####......#.#
.........#
#..o......+.#
##...###.#
#.##{.....### #.o...#.#
#.##@.....# ##.###.#.#
#.##......#
.......#.####.##......#
.#.#####..o.......##+##
.#.# ######.###.##.#
##.# #.# ####.# ...#
#>######.# ####
#........# #.########


You could see an orc.

Vanquished Creatures
  A worker ant (D:3)
  2 adders (D:2)
  An ooze (D:2)
  A worm (D:2)
  3 dart slugs
  2 leopard geckos
  5 orcs (D:3)
  A ball python (D:2)
  6 bats
  A bat zombie (D:1)
  6 giant cockroaches
  3 goblins
  2 hobgoblins (D:2)
  2 quokkas
  3 frilled lizards
  A giant cockroach zombie (D:1)
  11 kobolds
  5 rats
56 creatures vanquished.

Notes
Turn   | Place    | Note
-------+----------+-------------------------------------------
     0 | D:1      | wythoutpain the Merfolk Gladiator began the quest for the
                  | Orb.
     0 | D:1      | Reached XP level 1. HP: 16/16 MP: 1/1
   346 | D:1      | Reached XP level 2. HP: 22/22 MP: 2/2
   523 | D:1      | Reached skill level 5 in Polearms
   696 | D:2      | Reached XP level 3. HP: 12/27 MP: 3/3
  1254 | D:2      | Reached XP level 4. HP: 29/34 MP: 4/4
  1337 | D:2      | Found a faded altar of an unknown god.
  2118 | D:3      | Reached skill level 5 in Dodging
  2118 | D:3      | Reached skill level 1 in Stealth
  2379 | D:3      | Reached XP level 5. HP: 39/39 MP: 5/5
  2445 | D:3      | HP: 1/39 [poisoned by an orc wizard]
  2446 | D:3      | Succumbed to an orc wizard's poison

Illustrated notes

Levels and vault maps discovered:
D:1:      saegor_arrival_fortress, layout_basic
D:2:      layout_loops_corners, chequers_ecumenical_altar_simple,
          minmay_heptomino_o4
D:3:      layout_basic

Skill      XL: |  1  2  3  4 |
---------------+-------------+-----
Polearms       | 5 |  5.6
Dodging        | 5 |  5.0
Stealth        | 1 |  1.4
Fighting       | |  2.7
Throwing       | |  2.8
Armour         | |  0.1

Action                   |  1- 3 |  4- 6 || total
-------------------------+-------+-------++-------
Melee: Trident           |    69 |    94 ||   163
Throw: Stone             |    64 |    41 ||   105
  Use: Scroll            |       |     1 ||     1
Armor: Leather armour    |    11 |       ||    11
       Ring mail         |     1 |    26 ||    27
Dodge: Dodged            |    26 |    50 ||    76

Table legend: (Time is in decaauts)
 A = Elapsed time spent in this place.
 B = Non-inter-level travel time spent in this place.
 C = Inter-level travel time spent in this place.
 D = Time resting spent in this place.
 E = Time spent auto-exploring this place.
 F = Levels seen in this place.
 G = Mean time per level.
                   A        B        C        D        E       F      G
               +--------+--------+--------+--------+--------+-----+--------+
         Total |   2426 |   2320 |    106 |    263 |    810 |   3 |  808.7 |
       Dungeon |   2426 |   2320 |    106 |    263 |    810 |   3 |  808.7 |
               +--------+--------+--------+--------+--------+-----+--------+

Top non-repeatable levels by time:
     D:2: 1293 daAuts
     D:1: 654 daAuts
     D:3: 477 daAuts
